 Dungeon Crawl Stone Soup version 0.27-a0-1456-gf5a116941d (webtiles) character file.

Game seed: 3084865579990987364

48069 Turbonekonecno the Imperceptible (level 14, -1/63 HPs)
             Began as a Spriggan Enchanter on July 6, 2021.
             Was the Champion of Dithmenos.
             Slain by an anaconda (9 damage)
             ... on level 5 of the Lair of Beasts.
             The game lasted 01:18:41 (33274 turns).

Turbonekonecno the Imperceptible (SpEn)            Turns: 33274, Time: 01:18:41

Health: -1/63      AC:  4    Str: 10    XL:     14   Next: 10%
Magic:  28/29      EV: 18    Int: 18    God:    Dithmenos [******]
Gold:   387        SH:  0    Dex: 19    Spells: 24/34 levels left

rFire    . . .     SeeInvis +   v - +2 short sword (flame)
rCold    + . .     Faith    .   (shield restricted)
rNeg     . . .     Spirit   .   z - +1 robe "Caqyuck" {Rampage rC+}
rPois    +         Reflect  .   (helmet restricted)
rElec    .         Harm     .   K - +0 cloak
rCorr    .         Rampage  +   (gloves unavailable)
Will     ++...                  (boots unavailable) Stlth ****++++++
                                m - amulet of magic regeneration
HPRegen  0.20/turn              G - ring of poison resistance
MPRegen  0.46/turn              x - +6 ring of strength

@: wreathed by umbra, constricted, very quick
A: very small, no large weapons, unfitting armour, see invisible, speed 3
a: Renounce Religion, Shadow Step, Shadow Form


You were on level 5 of the Lair of Beasts.
You worshipped Dithmenos.
Dithmenos was exalted by your worship.
You visited 3 branches of the dungeon, and saw 18 of its levels.
You also visited: Ice Cave.

You collected 923 gold pieces.
You spent 536 gold pieces at shops.

Inventory:

Hand Weapons
 q - a +1 dagger of venom
 v - a +2 short sword of flaming (weapon)
 D - a +4 rapier
Armour
 z - the +1 robe "Caqyuck" (worn) {Rampage rC+}
   (You found it on level 6 of the Dungeon)

   rC:        It protects you from cold.
   Rampage:   It bestows one free step when moving towards enemies.
 K - a +0 cloak (worn)
 O - +0 ice dragon scales
Jewellery
 e - a ring of wizardry
 m - an amulet of magic regeneration (around neck)
 p - a ring of protection from fire
 x - a +6 ring of strength (right hand)
 E - a ring of protection from cold
 F - a ring of protection from fire
 G - a ring of poison resistance (left hand)
 H - a ring of wizardry
 N - a ring of resist corrosion
Wands
 j - a wand of paralysis (17)
 J - a wand of mindburst (15)
 L - a wand of charming (20)
Scrolls
 c - a scroll of summoning
 f - a scroll of fear
 g - a scroll of amnesia
 i - a scroll of magic mapping
 k - 9 scrolls of teleportation
 u - 4 scrolls of holy word
 A - a scroll of enchant armour
 M - a scroll of blinking
Potions
 a - a potion of magic {unknown}
 b - 2 potions of invisibility {unknown}
 d - 3 potions of haste
 h - 6 potions of heal wounds
 l - 3 potions of flight {unknown}
 n - 3 potions of might {unknown}
 r - 2 potions of mutation
 s - a potion of berserk rage {unknown}
 t - 9 potions of curing
 w - a potion of ambrosia {unknown}
 B - a potion of attraction {unknown}
 C - 2 potions of resistance {unknown}
Miscellaneous
 I - a phantom mirror


   Skills:
 + Level 2.3 Fighting
 + Level 6.9 Short Blades
 + Level 6.0 Dodging
 * Level 21.5 Stealth
 + Level 10.5 Spellcasting
 * Level 12.9 Hexes
 + Level 0.1 Summonings
 + Level 5.8 Ice Magic
 * Level 6.9 Invocations
 * Level 8.2 Evocations


You had 24 spell levels left.
You knew the following spells:

 Your Spells              Type           Power      Damage    Failure   Level
a - Corona                Hex            60%        N/A       1%          1
b - Ensorcelled Hibernat  Hex/Ice        86%        N/A       1%          2
c - Confusing Touch       Hex            54%        N/A       1%          3
d - Summon Ice Beast      Ice/Summ       20%        N/A       22%         4

Your spell library contained the following spells:

 Spells                   Type           Power      Damage    Failure   Level
 Slow                     Hex            54%        N/A       1%          2
 Dazzling Flash           Conj/Hex       64%        N/A       1%          3
 Frozen Ramparts          Ice            60%        1d8       1%          3
 Ozocubu's Armour         Ice            30%        N/A       1%          3
 Tukima's Dance           Hex            54%        N/A       1%          3
 Metabolic Englaciation   Hex/Ice        21%        N/A       4%          5
 Pain                     Necr           36%        1d5       8%          1
 Blink                    Tloc           N/A        N/A       12%         2
 Sublimation of Blood     Necr           4%         N/A       12%         2
 Gell's Gravitas          Tloc           4%         N/A       22%         3
 Lesser Beckoning         Tloc           4%         N/A       22%         3
 Teleport Other           Tloc           9%         N/A       22%         3
 Vampiric Draining        Necr           4%         2d6       22%         3
 Ice Form                 Ice/Tmut       20%        N/A       22%         4
 Iskenderun's Mystic Bla  Conj/Tloc      9%         2d4       58%         4
 Petrify                  Tmut/Erth      9%         N/A       58%         4
 Freezing Cloud           Conj/Ice/Air   8%         6-21      67%         5
 Agony                    Necr           9%         N/A       91%         5
 Excruciating Wounds      Necr           4%         N/A       91%         5
 Irradiate                Conj/Tmut      4%         3d15      91%         5
 Manifold Assault         Tloc           9%         N/A       91%         5
 Simulacrum               Ice/Necr       10%        N/A       98%         6
 Dispersal                Tloc           4%         N/A       100%        6
 Starburst                Conj/Fire      4%         8x6d4     100%        6
 Polar Vortex             Ice            15%        N/A       100%        9


Dungeon Overview and Level Annotations

Branches:
Dungeon (12/15)            Temple (1/1) D:5            Lair (5/6) D:9
 Shoals (0/4) Lair:2        Snake (0/4) Lair:2        IceCv (visited)
  Slime: Lair:5-6       Orc: D:9-12

Altars:
Ashenzari
Cheibriados
Dithmenos
Elyvilon
Fedhas
Gozag
Hepliaklqana
Kikubaaqudgha
Makhleb
Nemelex Xobeh
Okawaru
Qazlal
Ru
Sif Muna
Trog
Uskayaw
Vehumet
Wu Jian
Xom
Yredelemnul
Zin
The Shining One
Beogh

Shops:
D:1 =   D:10 *(*   D:12 !

Portals:
Abyss: D:4

Annotations:
D:11 3 runed translucent doors, rlgrobin's ghost, journeyman HuFi
D:12 Azrael
Lair:2 2 runed translucent doors, Muuxog's ghost, journeyman KoAr
Lair:3 1 runed translucent door, Noenanlu's ghost, journeyman DjIE
Lair:5 Snorg


Innate Abilities, Weirdness & Mutations

You are very small and have problems with some larger weapons.
You are too small for most types of armour.
You have supernaturally acute eyesight. (SInv)
You cover ground extremely quickly. (Speed+++)


Message History

You escape the anaconda's grasp.
The anaconda barely misses you. The anaconda misses you.
You see here a scroll of teleportation.
An anaconda comes into view.
The anaconda moves out of view.
You see here a +0 war axe.
The anaconda misses you. x2
The anaconda grabs you. The anaconda misses you. The anaconda constricts you.
The anaconda's grasp on you weakens, but your attempt to escape fails.
The anaconda closely misses you. The anaconda constricts you.
You escape the anaconda's grasp.
The anaconda misses you. The anaconda barely misses you.
The anaconda grabs you. The anaconda bites you. The anaconda constricts you.
You escape the anaconda's grasp.
You see here a wyvern skeleton.
Casting: Ensorcelled Hibernation (safe; 1% risk of failure)
Confirm with . or Enter, or press ? or * to list all spells.
Aiming: Ensorcelled Hibernation (safe; 1% risk of failure)
Press: ? - help, Shift-Dir - straight line, f/p - anaconda
Aim: an anaconda (umbra, chance to affect: 51%)
The anaconda resists with some effort.
The anaconda completely misses you. The anaconda barely misses you.
The anaconda closely misses you. x2
The anaconda grabs you. The anaconda bites you!
You emit a cloud of dark smoke.
The anaconda constricts you.
The anaconda's grasp on you weakens, but your attempt to escape fails.
The anaconda bites you but does no damage.
The anaconda bites you!
* * * LOW HITPOINT WARNING * * *
The anaconda constricts you. The anaconda barely misses you.
Unknown command.
Blink to where?
Press: ? - help, Dir - move target, p - anaconda The anaconda's grasp on you weakens, but your attempt to escape fails.
As you read the scroll of blinking, it crumbles to dust.
The anaconda barely misses you.
* * * LOW HITPOINT WARNING * * *
The anaconda constricts you. The anaconda bites you!
* * * LOW HITPOINT WARNING * * *
The anaconda bites you!
You die...

#####....##..#...#.###.
####.....##.#.#.##....#.
###..........#....#)..#...
#.#......#..#...####..#...
##..#.#P.##.##..# #..#...
#....#####......# #).##..
#....#.##.#§....# #####..
#..#...§S§§§....# #...
####...§S@§§....# ...P#
#...####......# ..##.##
##..# ##P..... #. #####
#..###.....#.. . .....#
#.........## . .......
#......................
#..........#...........
##......................
##.....#.... ............


You could see 2 anacondas.

Vanquished Creatures
  A reaper (IceCv)
  Nessos (Lair:5)
  7 hydras
  2 boulder beetles
  A two-headed ogre (D:9)
  A death knight (D:12)
  A necromancer (D:12)
  2 phantasmal warriors (D:12)
  An ugly thing (D:11)
  A manticore (D:12)
  A cyclops (D:7)
  2 centaur zombies
  10 elephants
  A toenail golem (D:4)
  3 black mambas
  Joseph (Lair:1)
  2 gargoyles
  8 cane toads
  3 rime drakes
  An unseen horror (D:11)
  4 ice devils (IceCv)
  An anaconda simulacrum (IceCv)
  7 komodo dragons
  2 merfolk (Lair:2)
  2 trolls
  Prince Ribbit (D:5)
  A polar bear (Lair:1)
  The ghost of feta the Shield-Bearer, an amateur FoFi of Dithmenos (D:4)
  A hornet (D:10)
  Grinder (D:4)
  6 slime creatures (D:12)
  5 dream sheep (Lair:3)
  18 blink frogs
  A spriggan (Lair:5)
  3 shadows
  A wraith (D:12)
  2 dire elephant simulacra (IceCv)
  5 wyverns
  46 yaks
  A fire elemental (D:12)
  4 nagas (Lair:2)
  A vampire mosquito (D:7)
  A harpy simulacrum (IceCv)
  11 water moccasins
  A hell hound (D:12)
  A swamp drake (D:12)
  A hornet zombie (D:7)
  2 sky beasts
  An ice beast (D:6)
  An orc warrior (D:7)
  4 black bears
  The ghost of schwarznadel the Skirmisher, an amateur DrMo (D:3)
  3 necrophages
  An ogre (D:6)
  8 wolves
  10 centaurs
  3 kobold brigands
  9 bullfrogs
  2 scorpions
  A gnoll sergeant (D:5)
  A two-headed ogre simulacrum (IceCv)
  A wyvern zombie (D:8)
  A cane toad simulacrum (IceCv)
  A water moccasin zombie (D:5)
  2 small abominations (D:4)
  A wyvern skeleton (D:7)
  7 killer bees
  An elephant simulacrum (IceCv)
  8 wights
  6 electric eels
  3 bullfrog zombies
  9 hounds
  2 centaur skeletons (D:5)
  3 jellies
  3 iguanas
  2 troll simulacra (IceCv)
  2 orc wizards
  6 hell rats (Lair:3)
  A polar bear simulacrum (IceCv)
  2 wolf simulacra (IceCv)
  A spriggan simulacrum (IceCv)
  A killer bee zombie (D:6)
  9 adders
  9 gnolls
  2 naga simulacra (IceCv)
  17 white imps
  5 ufetubi
  A worm (D:2)
  An adder skeleton (D:4)
  5 dart slugs
  30 orcs
  3 bats
  6 endoplasms
  3 giant cockroaches
  14 goblins
  10 hobgoblins
  7 jackals
  17 kobolds
  4 quokkas
  6 ball pythons
  A frilled lizard (D:1)
  3 rats
442 creatures vanquished.

Vanquished Creatures (others)
  2 dream sheep (Lair:5)
  A yak (Lair:5)
  A nameless horror (IceCv)
  A white imp (IceCv)
  30 fungi
  44 plants
79 creatures vanquished.

Grand Total: 521 creatures vanquished

Notes
Turn   | Place    | Note
-------+----------+-------------------------------------------
     0 | D:1      | Turbonekonecno the Spriggan Enchanter began the quest for
                  | the Orb.
     0 | D:1      | Reached XP level 1. HP: 9/9 MP: 5/5
    64 | D:1      | Found Jeiqocwy's Jewellery Emporium.
   465 | D:1      | Reached XP level 2. HP: 13/13 MP: 6/6
   481 | D:1      | Learned a level 2 spell: Ensorcelled Hibernation
   992 | D:2      | Reached skill level 5 in Stealth
  1203 | D:2      | Reached XP level 3. HP: 16/16 MP: 8/8
  1340 | D:2      | Learned a level 3 spell: Confusing Touch
  2179 | D:3      | Found an iron altar of Okawaru.
  2179 | D:3      | Found a shadowy altar of Dithmenos.
  2428 | D:3      | Reached XP level 4. HP: 21/21 MP: 9/9
  2437 | D:3      | Reached skill level 6 in Stealth
  2633 | D:3      | Found a faded altar of an unknown god.
  2794 | D:3      | Became a worshipper of Dithmenos the Shadowed
  2929 | D:3      | Found a runed translucent gate.
  2930 | D:3      | Found a runed translucent gate.
  2930 | D:3      | Noticed schwarznadel's ghost (amateur DrMo)
  2931 | D:3      | Found a runed translucent gate.
  3294 | D:3      | Reached XP level 5. HP: 24/24 MP: 7/10
  3897 | D:4      | Found a transporter.
  3897 | D:4      | Found a transporter.
  3951 | D:4      | Found a one-way gate to the infinite horrors of the Abyss.
  3951 | D:4      | Noticed feta's ghost (amateur FoFi)
  4079 | D:4      | Noticed a small abomination
  4204 | D:4      | Noticed a toenail golem
  4300 | D:4      | Reached skill level 7 in Stealth
  4448 | D:4      | Noticed Grinder
  5364 | D:4      | Reached * piety under Dithmenos
  5450 | D:4      | Reached skill level 1 in Ice Magic
  5481 | D:4      | Reached XP level 6. HP: 24/29 MP: 9/12
  5692 | D:4      | Reached skill level 5 in Hexes
  6431 | D:4      | Paralysed by Grinder for 7 turns
  6448 | D:4      | Killed Grinder
  6449 | D:4      | Reached skill level 1 in Fighting
  6449 | D:4      | Reached skill level 8 in Stealth
  6449 | D:4      | Reached XP level 7. HP: 23/33 MP: 12/14
  6641 | D:5      | Entered Level 5 of the Dungeon
  6682 | D:5      | Reached skill level 9 in Stealth
  6772 | D:5      | Noticed Prince Ribbit
  6782 | D:5      | Killed Prince Ribbit
  7008 | D:5      | Reached skill level 10 in Stealth
  7080 | D:5      | Reached XP level 8. HP: 29/37 MP: 15/15
  7782 | D:5      | Found a staircase to the Ecumenical Temple.
  8021 | Temple   | Entered the Ecumenical Temple
  8266 | D:6      | Reached skill level 11 in Stealth
  8268 | D:6      | Identified the +1 robe "Caqyuck" {Rampage rC+}
  8681 | D:6      | Reached ** piety under Dithmenos
  8744 | D:6      | Noticed a red ugly thing
  9081 | D:6      | Reached skill level 12 in Stealth
  9081 | D:6      | Reached skill level 5 in Spellcasting
  9239 | D:6      | Identified the +8 great sword of Reinforcement {speed, rN+
                  | Str+2 Dex-4 Stlth+}
  9247 | D:6      | Identified the +3 spear "Usmaeto" {drain, rCorr Str-5
                  | Dex+4}
  9705 | D:6      | Reached XP level 9. HP: 15/41 MP: 12/17
 11063 | D:7      | Noticed a cyclops
 11477 | D:7      | Killed a cyclops
 11478 | D:7      | Reached skill level 5 in Dodging
 11478 | D:7      | Reached skill level 13 in Stealth
 11665 | D:7      | Noticed a gargoyle
 11667 | D:7      | Killed a gargoyle
 11668 | D:7      | Reached skill level 14 in Stealth
 11885 | D:8      | Reached XP level 10. HP: 46/46 MP: 18/20
 11890 | D:8      | Reached *** piety under Dithmenos
 11891 | D:8      | Reached skill level 15 in Stealth
 14121 | D:9      | Noticed a two-headed ogre
 14302 | D:9      | Found a sparkling altar of Nemelex Xobeh.
 14313 | D:9      | Found a hide-covered altar of Uskayaw.
 14316 | D:9      | Found a bloodstained altar of Trog.
 14326 | D:9      | Found a snail-covered altar of Cheibriados.
 14457 | D:9      | Found a staircase to the Lair.
 14853 | D:9      | Killed a two-headed ogre
 14854 | D:9      | Reached skill level 5 in Short Blades
 14854 | D:9      | Reached skill level 16 in Stealth
 15206 | D:10     | Entered Level 10 of the Dungeon
 15560 | D:10     | Reached skill level 10 in Hexes
 15666 | D:10     | Found Lition's General Store.
 15670 | D:10     | Bought a scroll of enchant weapon for 97 gold pieces
 15706 | D:10     | Reached **** piety under Dithmenos
 15730 | D:10     | Reached XP level 11. HP: 50/50 MP: 19/23
 15822 | D:10     | Found Mufebok's Assorted Antiques.
 15831 | D:10     | Bought a gold wand for 116 gold pieces
 15831 | D:10     | Bought a potion of heal wounds for 145 gold pieces
 15831 | D:10     | Bought a scroll of identify for 58 gold pieces
 15855 | D:10     | Noticed a blizzard demon
 15856 | D:10     | Found a burning altar of Makhleb.
 15861 | D:10     | Found a glowing silver altar of Zin.
 15861 | D:10     | Noticed an angel
 15904 | D:10     | Found Esegaxuf's Antique Weapon Emporium.
 16338 | D:11     | Noticed a boulder beetle
 16342 | D:11     | Killed a boulder beetle
 16343 | D:11     | Reached skill level 17 in Stealth
 16528 | D:11     | Found a runed translucent gate.
 16529 | D:11     | Found a runed translucent gate.
 16529 | D:11     | Found a runed translucent gate.
 16532 | D:11     | Noticed rlgrobin's ghost (journeyman HuFi)
 16544 | D:11     | Noticed a minotaur
 16546 | D:11     | Noticed a two-headed ogre
 16642 | D:11     | Found a broken altar of Ashenzari.
 16660 | D:11     | Noticed a purple ugly thing
 17078 | D:3      | Killed schwarznadel's ghost
 17339 | D:4      | Killed feta's ghost
 18150 | D:4      | Learned a level 4 spell: Summon Ice Beast
 18805 | D:11     | Killed a purple ugly thing
 18806 | D:11     | Reached skill level 1 in Invocations
 18806 | D:11     | Reached skill level 1 in Evocations
 19137 | D:12     | Found a shimmering blue altar of Sif Muna.
 19174 | D:12     | Noticed an eight-headed hydra
 19586 | D:12     | Killed an eight-headed hydra
 19591 | D:12     | Noticed a death knight
 19591 | D:12     | Noticed a phantasmal warrior
 19593 | D:12     | Noticed a phantasmal warrior
 19750 | D:12     | Noticed a necromancer
 20069 | D:12     | Killed a necromancer
 20070 | D:12     | Reached skill level 18 in Stealth
 20818 | D:12     | Killed a phantasmal warrior
 20851 | D:12     | Killed a death knight
 20852 | D:12     | Reached XP level 12. HP: 36/54 MP: 25/25
 21139 | D:12     | Noticed Azrael
 21443 | D:12     | Found Gafeby's Distillery.
 21447 | D:12     | Bought a potion of curing for 45 gold pieces
 21447 | D:12     | Bought a potion of heal wounds for 75 gold pieces
 21861 | Lair:1   | Entered Level 1 of the Lair of Beasts
 21861 | Lair:1   | Noticed a five-headed hydra
 21879 | D:9      | Killed a five-headed hydra
 22164 | Lair:1   | Reached skill level 5 in Evocations
 22521 | Lair:1   | Noticed a four-headed hydra
 22527 | Lair:1   | Killed a four-headed hydra
 22592 | Lair:1   | Noticed Joseph
 22597 | Lair:1   | Killed Joseph
 22600 | Lair:1   | Reached skill level 19 in Stealth
 23295 | Lair:2   | Noticed a five-headed hydra
 23570 | Lair:2   | Reached skill level 5 in Invocations
 23860 | Lair:2   | Reached skill level 5 in Ice Magic
 23928 | Lair:2   | Killed a five-headed hydra
 23969 | Lair:2   | Found a staircase to the Snake Pit.
 24009 | Lair:2   | Found a large runed translucent door.
 24009 | Lair:2   | Found a large runed translucent door.
 24011 | Lair:2   | Noticed Muuxog's ghost (journeyman KoAr)
 24080 | Lair:2   | Reached XP level 13. HP: 41/58 MP: 21/27
 24693 | Lair:2   | Found a staircase to the Shoals.
 24933 | Lair:2   | Noticed a fire dragon
 24939 | Lair:2   | Found the +7 great mace "Firestarter" {inner flame, rF++}
 25131 | Lair:3   | Reached ***** piety under Dithmenos
 25162 | Lair:3   | Found a frozen archway.
 25187 | Lair:3   | Reached skill level 20 in Stealth
 25432 | IceCv    | Entered an ice cave
 25439 | IceCv    | Noticed a reaper
 25442 | IceCv    | Killed a reaper
 30626 | Lair:3   | Found a runed translucent door.
 30628 | Lair:3   | Noticed Noenanlu's ghost (journeyman DjIE)
 30631 | Lair:3   | Identified the +3 trident of True Grit {freeze, rC+ rN+}
 30784 | Lair:3   | Reached skill level 10 in Spellcasting
 31743 | Lair:4   | Reached skill level 21 in Stealth
 32407 | Lair:5   | Noticed Snorg
 32730 | Lair:5   | Noticed Nessos
 32769 | Lair:5   | Killed Nessos
 32770 | Lair:5   | Reached XP level 14. HP: 63/63 MP: 29/29
 32773 | Lair:5   | Reached ****** piety under Dithmenos
 33274 | Lair:5   | Slain by an anaconda

Illustrated notes

Levels and vault maps discovered:
D:1:      lemuel_arrival_funnel, layout_basic, serial_shops,
          nicolae_diamond_shop
D:2:      layout_basic, kennysheep_generic_room_7
D:3:      layout_basic, gammafunk_temple_overflow_pools,
          chequers_ecumenical_altar_simple_redux, biasface_ghost_orc_armoury,
          chequers_serial_rivers_micro_a, minmay_misc_feat_encased,
          corexii_leaking_fountain, feat_on_display
D:4:      minmay_thinvault, layout_basic, gammafunk_ghost_abyssal_escape,
          minmay_misc_feat_pillars, minmay_pentomino_pile, uniq_grinder
D:5:      layout_gridville, minmay_temple_entry_poolview,
          chequers_serial_rivers_large_b, minivault_23, fountainhead,
          uniq_prince_ribbit1
D:6:      layout_cave_pods
D:7:      layout_loops_ring, kb_rosetta
D:8:      layout_rooms
D:9:      layout_long_grid, grunt_temple_overflow_cloverleaf, erik_lair_island
D:10:     layout_basic, grunt_temple_overflow_order_and_chaos_2, serial_shops,
          shop, kennysheep_little_box, nicolae_shop_overgrown_old_shop
D:11:     layout_rooms, maelrawn_ghost_gauntlet_escape,
          nicolae_ashenzari_skybound
D:12:     minmay_tile_spiral, layout_loops_ring, erik_orc_1, serial_shops, shop,
          tgw_sif, uniq_azrael
Temple:   nicolae_temple_great_sept
Lair:1:   layout_layer_cave, hangedman_lair_generics_rect, uniq_joseph
Lair:2:   dragon1_lemuel, layout_gridlike, elwin_shoals_entry_rooms,
          guppyfry_snake_entry_garden, ebering_ghost_disaster_area
Lair:3:   layout_gridlike, portal_ice_cave_entry_imps,
          ebering_ghost_funeral_grove, grunt_megastairs_4, lemuel_fruit_tree
Lair:4:   layout_regular_city, serial_bayou, serial_bayou_ford_a,
          serial_bayou_pond_e, serial_bayou_pond_a, serial_bayou_pond_c,
          grunt_megastairs_3, serial_bayou_shore_b, serial_bayou_shore_b
Lair:5:   beast_lair_carwin_large_3, layout_layer_cave,
          nicolae_slime_entry_slimehenge, chequers_serial_rivers_room_a,
          grunt_forest_large_clearing_hut, uniq_snorg, uniq_nessos

Skill      XL: |  1  2  3  4  5  6  7  8  9 10 11 12 13 |
---------------+----------------------------------------+-----
Dodging        | 3 4 5 6 |  6.0
Hexes          | 4 5 6 7 8 10 11 12 | 12.9
Spellcasting   | 3 4 5 6 7 8 9 10 | 10.5
Stealth        | 5 6 7 8 10 12 14 16 18 19 21 | 21.5
Ice Magic      | 1 2 3 4 5 |  5.8
Short Blades   | 2 3 4 5 6 |  6.9
Fighting       | 1 2 |  2.3
Invocations    | 2 5 6 |  6.9
Evocations     | 4 6 8 |  8.2
Summonings     | |  0.1

Action                   |  1- 3 |  4- 6 |  7- 9 | 10-12 | 13-15 || total
-------------------------+-------+-------+-------+-------+-------++-------
Melee: Dagger            |    72 |   158 |   202 |   204 |     5 ||   641
       Rapier            |       |       |       |   170 |    44 ||   214
       Short sword       |       |       |       |       |   263 ||   263
 Cast: Corona            |     2 |       |       |     1 |     1 ||     4
       Ensorcelled Hiber |    19 |    66 |    52 |   201 |   152 ||   490
       Confusing Touch   |       |     7 |    18 |    20 |    29 ||    74
       Summon Ice Beast  |       |       |       |     5 |     6 ||    11
Invok: Shadow Step       |       |       |       |     2 |       ||     2
Evoke: Wand              |       |       |       |     9 |       ||     9
       Phantom mirror    |       |       |       |     1 |       ||     1
  Use: Scroll            |       |     3 |     2 |     4 |    13 ||    22
       Potion            |       |     1 |       |     4 |       ||     5
 Stab: Sleeping          |    22 |    41 |    43 |   117 |   107 ||   330
       Confused          |       |     7 |    15 |    15 |    23 ||    60
       Distracted        |       |       |       |     3 |     2 ||     5
Armor: Robe              |     4 |     6 |    13 |    16 |    16 ||    55
Dodge: Dodged            |    40 |   150 |   161 |   264 |   219 ||   834

Table legend: (Time is in decaauts)
 A = Elapsed time spent in this place.
 B = Non-inter-level travel time spent in this place.
 C = Inter-level travel time spent in this place.
 D = Time resting spent in this place.
 E = Time spent auto-exploring this place.
 F = Levels seen in this place.
 G = Mean time per level.
                   A        B        C        D        E       F      G
               +--------+--------+--------+--------+--------+-----+--------+
         Total |  26339 |  25559 |    780 |  11478 |   8289 |  19 | 1386.3 |
       Dungeon |  17091 |  16393 |    698 |   6787 |   6183 |  12 | 1424.2 |
        Temple |    103 |     93 |     10 |      0 |     40 |   1 |  103.0 |
          Lair |   6174 |   6103 |     71 |   2248 |   2066 |   5 | 1234.8 |
      Ice Cave |   2969 |   2969 |      0 |   2442 |      0 |   1 | 2969.0 |
               +--------+--------+--------+--------+--------+-----+--------+

Top non-repeatable levels by time:
     D:4: 3030 daAuts
   IceCv: 2969 daAuts
    D:12: 2194 daAuts
  Lair:3: 1859 daAuts
     D:8: 1788 daAuts
  Lair:2: 1634 daAuts
     D:3: 1555 daAuts
     D:7: 1550 daAuts
     D:6: 1455 daAuts
  Lair:1: 1276 daAuts
     D:5: 1129 daAuts
    D:10: 1055 daAuts
     D:9: 1047 daAuts
  Lair:4: 936 daAuts
     D:1: 864 daAuts
